 Dungeon Crawl Stone Soup version 0.19.0-2-gae57169 (webtiles) character file.

153 Patate the Chucker (level 5, 0/55 HPs)
             Began as an Ogre Hunter on Nov 3, 2016.
             Slain by Drunkenshrew's ghost (10 damage)
             ... on level 3 of the Dungeon.
             The game lasted 00:06:40 (2882 turns).

Patate the Chucker (Ogre Hunter)                    Turns: 2882, Time: 00:06:41

Health: 0/55       AC:  3    Str: 17    XL:     5   Next: 35%
Magic:  14/14      EV: 10    Int: 10    God:
Gold:   174        SH:  0    Dex: 11    Spells: 0 memorised, 4 levels left

rFire  . . .     SeeInvis .     (no weapon)
rCold  . . .     Gourm    .     b - +0 robe
rNeg   . . .     Faith    .     (no shield)
rPois  .         Spirit   .     (helmet restricted)
rElec  .         Reflect  .     (no cloak)
rCorr  .         Harm     .     (gloves unavailable)
MR     .....                    (boots unavailable)
Stlth  +.........               (no amulet)
                                p - ring of wizardry
                                g - ring of magical power

@: no status effects
A: unfitting armour, tough skin 1
a: no special abilities


You were on level 3 of the Dungeon.
You were not hungry.

You visited 1 branch of the dungeon, and saw 3 of its levels.

You collected 174 gold pieces.

Inventory:

Hand Weapons
 a - a +0 short sword
Missiles
 c - a large rock (quivered)
Armour
 b - a +0 robe (worn)
Jewellery
 g - a ring of magical power (left hand)
 p - a ring of wizardry (right hand)
Scrolls
 e - 2 scrolls of random uselessness {unknown}
 l - a scroll of blinking {unknown}
 m - a scroll of teleportation {unknown}
 n - 2 scrolls of identify {unknown}
Potions
 h - 2 potions of mutation {unknown}
 i - a potion of heal wounds {unknown}
 k - 2 potions of curing {unknown}
 q - a potion of agility {unknown}
 s - a potion of resistance {unknown}
 t - a potion of magic {unknown}
 u - a potion of lignification {unknown}
Comestibles
 f - 3 bread rations
 j - a slice of pizza
 o - a meat ration


   Skills:
 + Level 4.5 Fighting
 * Level 5.3 Throwing
 - Level 2.7 Dodging
 - Level 0.6 Stealth


You had 4 spell levels left.
You didn't know any spells.

Dungeon Overview and Level Annotations

Branches:
Dungeon (3/15)

Altars:

Annotations:
D:3 Drunkenshrew's ghost, amateur MiFi


Innate Abilities, Weirdness & Mutations

You are too large for most types of armour.
You have tough skin. (AC +1)


Message History

You see here a large rock.
c - 3 large rocks (gained 1) Drunkenshrew's ghost hits you!
Throwing (i - inventory):
c - 3 large rocks (quivered)
Press: ? - help, Shift-Dir - straight line, f/p - Drunkenshrew's ghost
Aim: Drunkenshrew's ghost (moderately damaged)
You throw a large rock.
The large rock barely misses Drunkenshrew's ghost.
Drunkenshrew's ghost hits you! x2
* * * LOW HITPOINT WARNING * * *
Things that are here:
a large rock; a rat corpse Throwing (i - inventory):
c - 2 large rocks (quivered)
Press: ? - help, Shift-Dir - straight line, f/p - Drunkenshrew's ghost
Aim: Drunkenshrew's ghost (moderately damaged)
You throw a large rock.
The large rock hits Drunkenshrew's ghost!!
Drunkenshrew's ghost is severely damaged.
Drunkenshrew's ghost hits you!
You die...

##...#.##.#.#.(.#
##.##.##.......#
#.# .####.#(..#
#. .# #.##.##
..##.## ####...#
##..# ###.#W#
#..(.@# '......?#
###.....# #.#.#.#
#.....# #...###
#... #..


You could see Drunkenshrew's ghost.

Vanquished Creatures
  An orc priest (D:3)
  3 gnolls (D:3)
  An adder (D:3)
  4 oozes
  2 worms (D:2)
  A leopard gecko (D:1)
  2 orcs (D:3)
  6 bats
  10 goblins
  13 hobgoblins
  2 jackals (D:1)
  5 frilled lizards
  4 kobolds
  6 rats
60 creatures vanquished.

Notes
Turn   | Place    | Note
-------+----------+-------------------------------------------
     0 | D:1      | Patate the Ogre Hunter began the quest for the Orb.
     0 | D:1      | Reached XP level 1. HP: 22/22 MP: 1/1
   314 | D:1      | Reached XP level 2. HP: 31/31 MP: 2/2
   726 | D:1      | Reached XP level 3. HP: 36/37 MP: 3/3
  1662 | D:2      | Reached XP level 4. HP: 48/48 MP: 4/4
  2454 | D:3      | Reached skill level 5 in Throwing
  2456 | D:3      | Reached XP level 5. HP: 54/54 MP: 5/5
  2861 | D:3      | Noticed Drunkenshrew's ghost (amateur MiFi)
  2882 | D:3      | Slain by Drunkenshrew's ghost

Skill      XL: |  1  2  3  4 |
---------------+-------------+-----
Fighting       | 3 4 |  4.5
Dodging        | 2 |  2.7
Throwing       | 5 |  5.3
Stealth        | |  0.6

Action                   |  1- 3 |  4- 6 || total
-------------------------+-------+-------++-------
Melee: Short sword       |   117 |    22 ||   139
Throw: Large rock        |    21 |    44 ||    65
       Throwing net      |       |     2 ||     2
 Stab: Sleeping          |     1 |       ||     1
  Eat: Chunk             |     2 |     4 ||     6
Armor: Robe              |    42 |    19 ||    61
Dodge: Dodged            |    76 |    25 ||   101
